% Time on Ice - REGINA FALCONS
Lines # - Real PCT - Wanted PCT - Time Play
Normal Forward
1 - 37% - 35% - 17:20
2 - 31% - 32% - 14:32
3 - 19% - 20% - 8:55
4 - 14% - 13% - 6:28
Normal Defense
1 - 32% - 38% - 14:56
2 - 44% - 35% - 20:46
3 - 18% - 27% - 8:38
4 - 6% - 0% - 2:55
PP Forward
1 - 56% - 55% - 3:21
2 - 44% - 45% - 2:37
PP Defense
1 - 59% - 55% - 3:30
2 - 41% - 45% - 2:28
PK Forward
1 - 69% - 55% - 4:08
2 - 31% - 45% - 1:49
PK Defense
1 - 75% - 55% - 4:29
2 - 25% - 45% - 1:28
PK3 Forward
1 - 0% - 55%
2 - 0% - 45%
PK3 Defense
1 - 0% - 55%
2 - 0% - 45%
44 Forward
1 - 0% - 55%
2 - 0% - 45%
44 Defense
1 - 0% - 55%
2 - 0% - 45%
Last Minute Offensive  - 0:50
Last Minute Defensive  - 0:00
Total
Forward - 60:00
Defense - 60:00
% Time on Ice - WINNIPEG BEAVERS
Lines # - Real PCT - Wanted PCT - Time Play
Normal Forward
1 - 33% - 33% - 15:27
2 - 31% - 31% - 14:33
3 - 25% - 26% - 11:51
4 - 11% - 10% - 5:24
Normal Defense
1 - 34% - 32% - 16:13
2 - 33% - 31% - 15:37
3 - 27% - 28% - 12:44
4 - 6% - 9% - 2:41
PP Forward
1 - 49% - 52% - 2:54
2 - 51% - 48% - 3:03
PP Defense
1 - 38% - 52% - 2:17
2 - 62% - 48% - 3:40
PK Forward
1 - 57% - 52% - 3:23
2 - 43% - 48% - 2:35
PK Defense
1 - 51% - 50% - 3:01
2 - 49% - 50% - 2:57
PK3 Forward
1 - 0% - 55%
2 - 0% - 45%
PK3 Defense
1 - 0% - 55%
2 - 0% - 45%
44 Forward
1 - 0% - 51%
2 - 0% - 49%
44 Defense
1 - 0% - 51%
2 - 0% - 49%
Last Minute Offensive  - 0:00
Last Minute Defensive  - 0:50
Total
Forward - 60:00
Defense - 60:00
Play-by-Play 1st period 0:01 of 1st period - Jonathan Miller wins face-off versus David Krejci in neutral zone. 0:26 of 1st period - Shot by Brad Marchand. 0:26 of 1st period - Stopped by Frederik Andersen without a rebound. 0:27 of 1st period - Travis Zajac wins face-off versus Nazem Kadri in REGINA FALCONS zone. 0:27 of 1st period - Minor Penalty to Sami Vatanen for Interference. 0:28 of 1st period - Boone Jenner wins face-off versus Travis Zajac in REGINA FALCONS zone. 1:11 of 1st period - Shot by Gustav Nyquist. 1:11 of 1st period - Shot Misses the Net. 1:13 of 1st period - Shot by Zach Bogosian. 1:13 of 1st period - Stopped by Frederik Andersen with a rebound. 1:38 of 1st period - Icing by Reyley Smith. 1:39 of 1st period - Brad Marchand wins face-off versus Boone Jenner in WINNIPEG BEAVERS zone. 1:56 of 1st period - Off-side. 1:57 of 1st period - Travis Zajac wins face-off versus Antti Suomela in neutral zone. 2:32 of 1st period - Shot by David Backes. 2:32 of 1st period - Shot Blocked by Sami Vatanen. 2:32 of 1st period - Sami Vatanen from REGINA FALCONS is injured at 2:32 of 1st period (Bruised Left Foot). 2:33 of 1st period - David Backes wins face-off versus Nazem Kadri in REGINA FALCONS zone. 3:39 of 1st period - Icing by Zach Bogosian. 3:40 of 1st period - Jonathan Miller wins face-off versus Travis Zajac in WINNIPEG BEAVERS zone. 4:05 of 1st period - Icing by Reyley Smith. 4:06 of 1st period - Travis Zajac wins face-off versus Antti Suomela in WINNIPEG BEAVERS zone. 4:27 of 1st period - Shot by Travis Zajac. 4:27 of 1st period - Shot Misses the Net. 4:29 of 1st period - Shot by Zach Bogosian. 4:29 of 1st period - Stopped by Frederik Andersen with a rebound. 4:31 of 1st period - Shot by Reyley Smith. 4:31 of 1st period - Deflect By Travis Zajac. 4:31 of 1st period - Stopped by Frederik Andersen without a rebound. 4:32 of 1st period - David Krejci wins face-off versus Nazem Kadri in REGINA FALCONS zone. 5:12 of 1st period - Shot by David Krejci. 5:12 of 1st period - Deflect By Brad Marchand. 5:12 of 1st period - Shot Misses the Net. 5:17 of 1st period - Shot by Brad Marchand. 5:17 of 1st period - Deflect By Gustav Nyquist. 5:17 of 1st period - Shot Misses the Net. 5:19 of 1st period - Shot by Gustav Nyquist. 5:19 of 1st period - Stopped by Frederik Andersen without a rebound. 5:20 of 1st period - Travis Zajac wins face-off versus Patrik Laine in REGINA FALCONS zone. 5:32 of 1st period - Icing by Kris Russell. 5:33 of 1st period - Travis Zajac wins face-off versus Boone Jenner in WINNIPEG BEAVERS zone. 5:33 of 1st period - Travis Zajac is hit by Matt Martin. 5:40 of 1st period - Icing by Mirco Mueller. 5:41 of 1st period - Boone Jenner wins face-off versus Troy Brouwer in REGINA FALCONS zone. 5:41 of 1st period - Boone Jenner is hit by Troy Brouwer. 5:44 of 1st period - Icing by Ryan Murray. 5:45 of 1st period - Boone Jenner wins face-off versus David Krejci in REGINA FALCONS zone. 5:51 of 1st period - Icing by Mirco Mueller. 5:52 of 1st period - Gustav Nyquist wins face-off versus Boone Jenner in REGINA FALCONS zone. 5:58 of 1st period - Boone Jenner is hit by Mike Green and loses puck. 6:09 of 1st period - Shot by Brad Marchand. 6:09 of 1st period - Shot Misses the Net. 6:31 of 1st period - Boone Jenner is hit by Mike Green and loses puck. 6:35 of 1st period - Minor Penalty to Mike Green for Holding. 6:36 of 1st period - Travis Zajac wins face-off versus Jonathan Miller in WINNIPEG BEAVERS zone. 6:36 of 1st period - Travis Zajac is hit by Patrik Laine. 7:23 of 1st period - Shot by Jonathan Miller. 7:23 of 1st period - Shot Misses the Net. 8:09 of 1st period - Shot by Nazem Kadri. 8:09 of 1st period - Shot Misses the Net. 8:11 of 1st period - Shot by Ben Harpur. 8:11 of 1st period - Stopped by Linus Ullmark without a rebound. 8:12 of 1st period - Travis Zajac wins face-off versus Jonathan Miller in WINNIPEG BEAVERS zone. 8:43 of 1st period - Shot by Pontus Aberg. 8:43 of 1st period - Deflect By Troy Brouwer. 8:43 of 1st period - Shot Blocked by Valeri Nichushkin. 9:14 of 1st period - Icing by Mike Green. 9:15 of 1st period - Nazem Kadri wins face-off versus Cal O'Reilly in WINNIPEG BEAVERS zone. 9:33 of 1st period - Max Pacioretty is hit by Nick Seeler. 9:48 of 1st period - Minor Penalty to Nazem Kadri for Holding. 9:49 of 1st period - Boone Jenner wins face-off versus David Krejci in REGINA FALCONS zone. 10:19 of 1st period - Reyley Smith is hit by Ron Hainsey and loses puck. 11:47 of 1st period - Marc-Edouard Vlasic is hit by David Krejci and loses puck. 12:40 of 1st period - Jonathan Miller is hit by Troy Brouwer and loses puck. 14:08 of 1st period - Off-side. 14:09 of 1st period - Travis Zajac wins face-off versus Antti Suomela in neutral zone. 14:12 of 1st period - Shot by Reyley Smith. 14:12 of 1st period - Shot Misses the Net. 14:14 of 1st period - Shot by Travis Zajac. 14:14 of 1st period - Shot Blocked by Ben Harpur. 14:16 of 1st period - Shot by Reyley Smith. 14:16 of 1st period - Shot Blocked by Ron Hainsey. 15:16 of 1st period - Shot by Brandon Tanev. 15:16 of 1st period - Deflect By David Backes. 15:16 of 1st period - Goal by David Backes - REGINA FALCONS : 0 - WINNIPEG BEAVERS : 1. 15:17 of 1st period - David Krejci wins face-off versus Nazem Kadri in neutral zone. 15:39 of 1st period - Icing by Zach Bogosian. 15:40 of 1st period - David Krejci wins face-off versus Jonathan Miller in WINNIPEG BEAVERS zone. 16:15 of 1st period - Shot by Travis Zajac. 16:15 of 1st period - Shot Hit the Post. 16:17 of 1st period - Shot by Reyley Smith. 16:17 of 1st period - Shot Blocked by Marc-Edouard Vlasic. 16:23 of 1st period - Shot by Reyley Smith. 16:23 of 1st period - Stopped by Frederik Andersen without a rebound. 16:24 of 1st period - Nazem Kadri wins face-off versus Matt Cullen in REGINA FALCONS zone. 16:52 of 1st period - Icing by Kris Russell. 16:53 of 1st period - Matt Cullen wins face-off versus Boone Jenner in WINNIPEG BEAVERS zone. 17:26 of 1st period - Shot by Travis Zajac. 17:26 of 1st period - Shot Misses the Net. 17:40 of 1st period - Shot by Reyley Smith. 17:40 of 1st period - Shot Blocked by Ron Hainsey. 17:42 of 1st period - Shot by Reyley Smith. 17:42 of 1st period - Shot Blocked by Ron Hainsey. 17:57 of 1st period - Icing by Mike Green. 17:58 of 1st period - Travis Zajac wins face-off versus Patrik Laine in WINNIPEG BEAVERS zone. 18:05 of 1st period - Shot by Travis Zajac. 18:05 of 1st period - Shot Misses the Net. 18:50 of 1st period - Shot by Brad Marchand. 18:50 of 1st period - Stopped by Frederik Andersen with a rebound. Goals for this period are 0 for REGINA FALCONS vs 1 for WINNIPEG BEAVERS. Shots for this period are 1 for REGINA FALCONS vs 8 for WINNIPEG BEAVERS. 2nd period 0:01 of 2nd period - Travis Zajac wins face-off versus Jonathan Miller in neutral zone. 0:35 of 2nd period - David Pastrnak is hit by Justin Braun and loses puck. 0:41 of 2nd period - Reyley Smith is hit by David Pastrnak and loses puck. 2:09 of 2nd period - Icing by Mike Green. 2:10 of 2nd period - Matt Cullen wins face-off versus Boone Jenner in WINNIPEG BEAVERS zone. 2:33 of 2nd period - Shot by Brandon Tanev. 2:33 of 2nd period - Shot Misses the Net. 3:30 of 2nd period - Shot by Brad Marchand. 3:30 of 2nd period - Stopped by Frederik Andersen with a rebound. 4:49 of 2nd period - Shot by Brandon Tanev. 4:49 of 2nd period - Stopped by Frederik Andersen without a rebound. 4:50 of 2nd period - Travis Zajac wins face-off versus Nazem Kadri in REGINA FALCONS zone. 4:51 of 2nd period - Shot by Reyley Smith. 4:51 of 2nd period - Shot Blocked by Marc-Edouard Vlasic. 4:57 of 2nd period - Shot by Nazem Kadri. 4:57 of 2nd period - Goal by Nazem Kadri - REGINA FALCONS : 1 - WINNIPEG BEAVERS : 1. 4:58 of 2nd period - Jonathan Miller wins face-off versus Matt Cullen in neutral zone. 5:21 of 2nd period - Shot by Patrik Laine. 5:21 of 2nd period - Stopped by Linus Ullmark without a rebound. 5:22 of 2nd period - Nazem Kadri wins face-off versus Reyley Smith in WINNIPEG BEAVERS zone. 5:29 of 2nd period - Shot by Jason Zucker. 5:29 of 2nd period - Deflect By Nazem Kadri. 5:29 of 2nd period - Stopped by Linus Ullmark without a rebound. 5:30 of 2nd period - Travis Zajac wins face-off versus Jonathan Miller in WINNIPEG BEAVERS zone. 5:44 of 2nd period - Shot by David Pastrnak. 5:44 of 2nd period - Stopped by Linus Ullmark without a rebound. 5:45 of 2nd period - David Krejci wins face-off versus Nazem Kadri in WINNIPEG BEAVERS zone. 6:00 of 2nd period - Shot by David